 Dungeon Crawl Stone Soup version 0.20.1-1-g8b1a95d (webtiles) character file.

560 KleinerIrrer the Chopper (level 7, -3/52 HPs)
             Began as a Formicid Fighter on July 9, 2017.
             Slain by Duvessa
             ... wielding a +7 short sword of electrocution
              (12 damage)
             ... on level 4 of the Dungeon.
             The game lasted 00:04:33 (1828 turns).

KleinerIrrer the Chopper (Formicid Fighter)         Turns: 1828, Time: 00:04:35

Health: -3/52      AC:  9    Str: 22    XL:     7   Next: 57%
Magic:  6/7        EV: 11    Int:  8    God:
Gold:   78         SH: 10    Dex: 15    Spells: 6/6 levels left

rFire    . . .     SeeInvis +   g - +3 quarterstaff (chaos)
rCold    . . .     Gourm    .   c - +0 shield
rNeg     . . .     Faith    .   l - +0 chain mail (curse)
rPois    .         Spirit   .   (helmet unavailable)
rElec    .         Reflect  .   (no cloak)
rCorr    .         Harm     .   (no gloves)
MR       .....                  (no boots)
Stlth    ..........             d - amulet of regeneration
Regen    0.6/turn               (no ring)
MPRegen  0.1/turn               (no ring)

@: agile
A: permanent stasis, dig shafts and tunnels, four strong arms, antennae 3
a: Dig, Shaft Self


You were on level 4 of the Dungeon.
You were not hungry.

You visited 1 branch of the dungeon, and saw 4 of its levels.

You collected 78 gold pieces.

Inventory:

Hand Weapons
 a - a +0 war axe
 g - a +3 quarterstaff of chaos (weapon)
Armour
 c - a +0 shield (worn)
 l - a cursed +0 chain mail (worn)
 r - a +2 cloak
Jewellery
 d - an amulet of regeneration (around neck)
Scrolls
 b - a scroll of amnesia {unknown}
 h - a scroll of recharging {unknown}
 n - a scroll of teleportation {unknown}
 q - a scroll of magic mapping {unknown}
Potions
 e - a potion of flight
 i - a potion of brilliance
 k - a potion of curing {unknown}
 m - a potion of heal wounds {unknown}
 o - 3 potions of lignification {unknown}
 p - a potion of magic {unknown}
Comestibles
 f - 2 bread rations
 s - 3 chunks of flesh


   Skills:
 - Level 3.4 Fighting
 * Level 6.6 Axes
 + Level 4.4 Armour
 + Level 5.0 Shields


You had 6 spell levels left.
You didn't know any spells.

Dungeon Overview and Level Annotations

Branches:
Dungeon (4/15)
 Temple: D:4-7

Altars:
Ru
Xom

Annotations:
D:4 Dowan, Duvessa


Innate Abilities, Weirdness & Mutations

You cannot be hasted, slowed, berserked, paralysed or teleported.
You can dig through walls and to a lower floor.
Your four strong arms can wield two-handed weapons with a shield.
You have a pair of large antennae on your head. (SInv)


Message History

Your chain mail prevents you from hitting Duvessa.
Duvessa is moderately wounded.
Duvessa barely misses you.
You hit Duvessa.
Duvessa seems to speed up.
Duvessa is heavily wounded.
Duvessa closely misses you. You block Duvessa's attack.
You hit Duvessa but do no damage.
Duvessa flickers and vanishes for a moment.
Duvessa is heavily wounded.
You block Duvessa's attack.
Duvessa hits you with a short sword of electrocution.
* * * LOW HITPOINT WARNING * * *
You hit Duvessa. You freeze Duvessa.
Duvessa is severely wounded.
Duvessa says, "Where magic fails, the sword succeeds!"
Duvessa barely misses you.
Duvessa hits you with a short sword of electrocution.
* * * LOW HITPOINT WARNING * * *
You are electrocuted!
You die...

.### #..#..#.####
#.##.... .# ##...##.#
#.##.### .# ######.##
#####.##.# .. #...#
#...>....# .. #####
#####.#### ... #.#
..[ ♣♣♣♣♣#####.##
....
#####♣♣♣e♣...+.....##
#...#♣(@♣...........#
#..÷((♣♣♣♣{........##
#)..#♣♣ ♣♣..'.##..#
##### ♣♣#####..# #..#
#..# #... ##... ###


You could see Duvessa (invisible).

Vanquished Creatures
  A phantom (D:4)
  An ogre (D:4)
  Blork the orc (D:4)
  A scorpion (D:4)
  2 orc priests
  A centaur skeleton (D:4)
  An orc wizard (D:4)
  Crazy Yiuf (D:4)
  Natasha (thrice) (D:4)
  2 adders (D:4)
  A worm (D:3)
  A dart slug (D:3)
  7 orcs
  2 goblins (D:1)
  4 hobgoblins
  4 kobolds
  2 quokkas (D:4)
  3 frilled lizards
  A jackal skeleton (D:4)
  2 rats
41 creatures vanquished.

Notes
Turn   | Place    | Note
-------+----------+-------------------------------------------
     0 | D:1      | KleinerIrrer the Formicid Fighter began the quest for the Orb.
     0 | D:1      | Reached XP level 1. HP: 18/18 MP: 1/1
   140 | D:1      | Reached XP level 2. HP: 24/24 MP: 2/2
   198 | D:2      | Found a sacrificial altar of Ru.
   789 | D:4      | Reached XP level 3. HP: 29/29 MP: 3/3
   804 | D:4      | Noticed an ogre
   807 | D:4      | Killed an ogre
   807 | D:4      | Reached skill level 3 in Axes
   807 | D:4      | Reached XP level 4. HP: 19/35 MP: 4/4
   807 | D:4      | Reached XP level 5. HP: 22/41 MP: 5/5
   983 | D:4      | Noticed a phantom
  1044 | D:4      | Killed a phantom
  1044 | D:4      | Reached skill level 4 in Axes
  1044 | D:4      | Reached XP level 6. HP: 21/47 MP: 6/6
  1233 | D:4      | Noticed Blork the orc
  1239 | D:4      | Killed Blork the orc
  1239 | D:4      | Reached skill level 5 in Axes
  1265 | D:4      | Found a shimmering altar of Xom.
  1343 | D:4      | Noticed Dowan
  1347 | D:4      | Noticed Duvessa
  1451 | D:3      | Reached XP level 7. HP: 48/52 MP: 7/7
  1536 | D:4      | Noticed Natasha
  1543 | D:4      | Killed Natasha
  1543 | D:4      | Reached skill level 6 in Axes
  1543 | D:4      | Reached skill level 5 in Shields
  1556 | D:4      | Noticed Natasha
  1613 | D:4      | Killed Natasha
  1697 | D:4      | Noticed Natasha
  1701 | D:4      | Killed Natasha
  1753 | D:4      | Found a runed door.
  1766 | D:4      | Noticed Crazy Yiuf
  1775 | D:4      | Killed Crazy Yiuf
  1828 | D:4      | Slain by Duvessa

Skill      XL: |  1  2  3  4  5  6  7 |
---------------+----------------------+-----
Shields        | 4 5 |  5.0
Axes           | 3 4 5 6 |  6.6
Armour         | 4 |  4.4
Fighting       | |  3.4

Action                   |  1- 3 |  4- 6 |  7- 9 || total
-------------------------+-------+-------+-------++-------
Melee: War axe           |    60 |    71 |    66 ||   197
       Quarterstaff      |       |       |     5 ||     5
  Use: Scroll            |       |     3 |       ||     3
       Potion            |       |     2 |     1 ||     3
  Eat: Chunk             |       |     2 |     1 ||     3
Armor: Scale mail        |     7 |       |       ||     7
       Chain mail        |    13 |    25 |    15 ||    53
Dodge: Dodged            |    15 |    12 |    19 ||    46
Block: Shield            |    31 |    18 |    33 ||    82
